 Dungeon Crawl Stone Soup version 0.29-a0-973-gac7da5f7f0 (webtiles) character file.

Game seed: 13555110240205118492

188 greasedhog the Digger (level 5, 0/28 HPs)
             Began as a Gargoyle Earth Elementalist on Aug 1, 2022.
             Slain by an orc priest
             ... wielding a +0 dagger
              (2 damage)
             ... on level 3 of the Dungeon.
             The game lasted 00:03:17 (2220 turns).

greasedhog the Digger (Gargoyle Earth Elementalist) Turns: 2220, Time: 00:03:18

Health: 0/28       AC:  6    Str: 11    XL:     5   Next: 67%
Magic:  6/10       EV: 11    Int: 18    God:
Gold:   84         SH:  0    Dex: 10    Spells: 6/10 levels left

rFire   . . .      SeeInvis .   d - +0 rapier
rCold   . . .      Faith    .   (no shield)
rNeg    + . .      Spirit   .   a - +0 robe
rPois   ∞          Reflect  .   (no helmet)
rElec   +          Harm     .   (no cloak)
rCorr   .          Rampage  .   (no gloves)
Will    .....                   (no boots)
Stlth   ++........              (no amulet)
HPRegen 0.09/turn               (no ring)
MPRegen 0.12/turn               (no ring)

@: no status effects
A: sickness immunity, AC +4, negative energy resistance 1, electricity
resistance, torment resistance 1, petrification resistance
a: no special abilities


You were on level 3 of the Dungeon.
You visited 1 branch of the dungeon, and saw 3 of its levels.

You collected 84 gold pieces.

Inventory:

Hand Weapons
 d - a +0 rapier (weapon)
Armour
 a - a +0 robe (worn)
Scrolls
 c - a scroll of brand weapon
 f - 2 scrolls of fear
 g - a scroll of silence {unknown}
 i - a scroll of butterflies {unknown}
 j - a scroll of enchant armour {unknown}
 k - a scroll of teleportation {unknown}
Potions
 b - 3 potions of magic
 e - 3 potions of curing {unknown}
 h - a potion of lignification {unknown}
 l - 5 potions of heal wounds {unknown}
 m - a potion of attraction {unknown}


   Skills:
 - Level 1.5 Dodging
 * Level 4.2 Stealth
 * Level 3.4 Spellcasting
 - Level 0.7 Transmutations
 * Level 5.1 Earth Magic


You had 6 spell levels left.
You knew the following spells:

 Your Spells              Type           Power      Damage    Failure   Level
a - Sandblast             Erth           42%        2d11      1%          1
b - Stone Arrow           Conj/Erth      24%        3d8       16%         3

Your spell library contained the following spells:

 Spells                   Type           Power      Damage    Failure   Level
 Passwall                 Tmut/Erth      10%        N/A       7%          2
 Petrify                  Tmut/Erth      13%        N/A       43%         4


Dungeon Overview and Level Annotations

Branches:
Dungeon (3/15)

Altars:
Elyvilon


Innate Abilities, Weirdness & Mutations

You are immune to sickness and miasma.
Your stone body is resilient. (AC +4)
You are immune to poison.
You resist negative energy. (rN+)
You are resistant to electric shocks. (rElec)
You are resistant to unholy torment.
You are immune to petrification.


Message History

The orc warrior unwields a +0 battleaxe.
The orc warrior wields a +0 arbalest.
The orc warrior shoots a bolt.
The bolt closely misses you.
As you read the scroll of fear, it crumbles to dust.
You assume a fearsome visage.
The orc warrior looks frightened!
You miscast Sandblast.
You are very lightly contaminated with residual magic.
Nothing appears to happen.
An orc priest comes into view. It is wielding a +0 dagger.
The orc warrior starts to cry.
The blast of sand misses the orc priest.
An orc comes into view.
It is wielding a +0 short sword of venom.
The orc priest mumbles some strange prayers to Beogh against you.
You are unaffected.
The orc moves out of view.
The blast of sand hits the orc priest!
The orc priest is severely wounded.
The orc priest invokes the aid of Beogh against you.
Beogh smites you!
Ouch! That really hurt!
An orc wizard comes into view. It is wielding a +0 dagger.
You are too injured to fight recklessly!
Casting: Sandblast (safe; 1% risk of failure)
Confirm with . or Enter, or press ? or * to list all spells.
Aiming: Sandblast (safe; 1% risk of failure)
Press: ? - help, Shift-Dir - straight line, f/p - orc priest
Aim: an orc priest, wielding a +0 dagger and wearing a +0 leather armour (severely wounded, 83% to hit)
The blast of sand hits the orc priest.
The orc priest is almost dead.
The orc priest calls down the wrath of Beogh upon you.
Beogh smites you!
* * * LOW HITPOINT WARNING * * *
Your magical contamination has completely faded away.
Casting: Sandblast (safe; 1% risk of failure)
Confirm with . or Enter, or press ? or * to list all spells.
Aiming: Sandblast (safe; 1% risk of failure)
Press: ? - help, Shift-Dir - straight line, f/p - orc priest
Aim: an orc priest, wielding a +0 dagger and wearing a +0 leather armour (almost dead, 83% to hit)
The blast of sand misses the orc priest.
The orc priest hits you with a +0 dagger.
You die...

#.##########
#.##........
###)##.####
.####....>....#
...........##.#
.##.###.#####.########
#..o...........#
#..#...o..####....
.).#...o@.### #
##.#........#
.#..)...#.##.#.#
o#......#.##(#.#
#.###....##.#.# #.
#...###.#.# .. #.
#...# #.#.# #.# #
##..# #...# #.#
#.####†.###..#### #.#


You could see an orc priest, an orc wizard and an orc.

Vanquished Creatures
  A scorpion (D:3)
  An iguana (D:3)
  An orc wizard (D:3)
  2 adders (D:2)
  2 worms (D:2)
  5 orcs (D:3)
  2 bats (D:2)
  5 endoplasms
  2 giant cockroaches (D:1)
  5 goblins
  4 hobgoblins
  3 jackals (D:2)
  A quokka (D:1)
  4 ball pythons
  A frilled lizard (D:1)
  7 kobolds
  4 rats
50 creatures vanquished.

Notes
Turn   | Place    | Note
-------+----------+-------------------------------------------
     0 | D:1      | greasedhog the Gargoyle Earth Elementalist began the quest
                  | for the Orb.
     0 | D:1      | Reached XP level 1. HP: 10/10 MP: 3/3
   270 | D:1      | Reached XP level 2. HP: 15/15 MP: 1/5
   438 | D:1      | Reached skill level 4 in Earth Magic
   677 | D:1      | Found a faded altar of an unknown god.
   849 | D:2      | Reached XP level 3. HP: 19/19 MP: 2/6
  1389 | D:2      | Learned a level 3 spell: Stone Arrow
  1446 | D:2      | Reached XP level 4. HP: 24/24 MP: 4/8
  1506 | D:2      | Found a white marble altar of Elyvilon.
  1762 | D:3      | Noticed a scorpion
  1765 | D:3      | Killed a scorpion
  1766 | D:3      | Reached XP level 5. HP: 26/28 MP: 5/9
  1885 | D:3      | Reached skill level 5 in Earth Magic
  2204 | D:3      | Noticed an orc warrior
  2220 | D:3      | Slain by an orc priest

Illustrated notes

Levels and vault maps discovered:
D:1:      arrival_zaba_pyramid, layout_basic, ebering_ecumenical_altar_webs,
          minmay_hexomino_c4
D:2:      layout_loops_ring, basic_altar, nrook_loot_triangle
D:3:      layout_loops_ring, mainiacjoe_overflow_alcove_2

Skill      XL: |  1  2  3  4  5 |
---------------+----------------+-----
Earth Magic    | 4 5 |  5.1
Stealth        | 3 4 |  4.2
Spellcasting   | 3 |  3.4
Dodging        | |  1.5
Transmutations | |  0.7

Action                   |  1- 3 |  4- 6 || total
-------------------------+-------+-------++-------
Melee: Unarmed           |     6 |       ||     6
       Rapier            |       |     3 ||     3
 Cast: Sandblast         |    49 |    28 ||    77
  Use: Scroll            |     5 |     1 ||     6
Armor: Robe              |    13 |     6 ||    19
Dodge: Dodged            |    12 |    10 ||    22

Table legend: (Time is in decaauts)
 A = Elapsed time spent in this place.
 B = Non-inter-level travel time spent in this place.
 C = Inter-level travel time spent in this place.
 D = Time resting spent in this place.
 E = Time spent auto-exploring this place.
 F = Levels seen in this place.
 G = Mean time per level.
                   A        B        C        D        E       F      G
               +--------+--------+--------+--------+--------+-----+--------+
         Total |   2295 |   2273 |     22 |      0 |   1928 |   3 |  765.0 |
       Dungeon |   2295 |   2273 |     22 |      0 |   1928 |   3 |  765.0 |
               +--------+--------+--------+--------+--------+-----+--------+

Top non-repeatable levels by time:
     D:2: 967 daAuts
     D:1: 825 daAuts
     D:3: 502 daAuts
